Map: Lerilak Crest

Players

LilDicky

  • Race: Terran Terran
  • League: Diamond

Kaptinplanet - Winner!

  • Race: Zerg Zerg
  • League: Diamond

VOD

http://www.twitch.tv/tumescentpie

Description

Time

  • Played on: Dec. 8, 2015, 9:57 a.m.
  • Length: 11:35
Show
View Real Time Build Order
Export as new Build Order

LilDicky Terran 

Build Orders: 1/1/1, Liberator Opening 

Get SALT Encoding   

  12  0:02  SCV  
  13  0:14  SCV  
  13  0:18  Supply Depot  
  14  0:26  SCV  
  15  0:29  Refinery  
  15  0:39  SCV  
  16  0:45  Barracks  
  16  0:51  SCV  
  17  1:03  SCV  
  18  1:16  SCV  
  19  1:33  Supply Depot, Marine  
  19  1:34  Orbital Command  
  19  1:37  Refinery  
  19  1:39  Factory  
  20  1:51  Marine  
  21  2:06  SCV  
  22  2:09  Marine  
  23  2:18  SCV  
  24  2:23  Armory  
  24  2:27  Starport  
  24  2:29  Factory Tech Lab  
  24  2:31  Marine  
  24  2:33  SCV  
  26  2:40  Supply Depot  
  25  2:49  SCV, Marine  
  27  3:01  SCV  
  28  3:09  Thor  
  34  3:14  SCV  
  35  3:24  Medivac  
  38  3:27  SCV  
  38  3:32  Supply Depot  
  38  3:33  Marine  
  39  3:44  Liberator  
  39  3:53  SCV  
  43  4:10  SCV  
  43  4:11  Command Center, Marine  
  43  4:13  Supply Depot  
  45  4:22  SCV  
  46  4:29  Supply Depot  
  46  4:35  Siege Tank  
  49  4:42  Liberator  
  49  4:44  Marine  
  53  5:13  Siege Tank  
  56  5:17  Command Center  
  54  5:55  Liberator  
  51  6:11  Siege Tank  
  54  6:22  SCV  
  55  6:28  Factory  
  52  6:42  Orbital Command  
  52  6:44  Orbital Command  
  52  6:45  Siege Tank  
  55  7:00  Barracks  
  55  7:01  Barracks, Starport Reactor  
  52  7:02  Barracks  
  52  7:04  Barracks  
  52  7:12  SCV  
  52  7:13  Factory Tech Lab  
  53  7:16  Barracks Tech Lab  
  53  7:17  Terran Vehicle And Ship Armor Level 1  
  53  7:23  Orbital Command  
  53  7:25  SCV  
  54  7:31  Refinery  
  54  7:32  Refinery  
  54  7:36  Liberator  
  58  7:37  SCV, Hellion x2  
  58  7:39  SCV  
  60  7:49  SCV  
  61  7:57  Refinery x2  
  64  7:59  SCV  
  65  8:10  Marine x4  
  65  8:12  Stimpack  
  70  8:14  Barracks Tech Lab  
  69  8:22  SCV x2, Liberator x2  
  69  8:23  SCV  
  72  8:27  Marine  
  72  8:28  Marine x3  
  72  8:31  Command Center  
  76  8:40  Marine  
  83  8:41  Combat Shields  
  83  8:45  Marine x2  
  83  8:46  Marine x2  
  83  8:48  SCV x3  
  90  8:49  Starport  
  90  8:58  Marine  
  90  9:00  SCV x2  
  93  9:14  Marine  
  93  9:15  Supply Depot, Marine  
  93  9:16  Supply Depot  
  93  9:17  Marine x2  
  93  9:22  Marine  
  88  9:24  Thor  
  88  9:29  SCV x2  
  89  9:32  Marine  
  89  9:35  Liberator x2  
  90  9:47  Starport Reactor  
  96  9:54  SCV  
  96  9:55  Orbital Command  
  96  9:58  SCV x2  
  99  10:01  Engineering Bay  
  99  10:06  SCV  
  100  10:10  Thor  
  100  10:13  Thor  
  112  10:19  Supply Depot  
  68  11:10  Marine  
  68  11:12  Marine x2  
  68  11:13  Marine x2  
Show
View Real Time Build Order
Export as new Build Order

Kaptinplanet Zerg - Winner!

Build Orders: Hatch First, Lurkers 

Get SALT Encoding   

  12  0:01  Drone  
  13  0:08  Drone  
  14  0:21  Extractor x2  
  13  0:22  Drone x2  
  16  0:45  Hatchery  
  16  0:46  Extractor  
  14  0:58  Spawning Pool  
  13  1:06  Overlord  
  13  1:12  Drone  
  14  1:24  Drone x2  
  16  1:40  Drone  
  16  1:45  Zergling x2  
  18  1:49  Metabolic Boost  
  18  1:58  Queen  
  20  2:04  Queen  
  22  2:12  Drone  
  22  2:13  Drone  
  24  2:18  Drone  
  24  2:19  Drone  
  26  2:28  Overlord  
  26  2:31  Drone  
  26  2:32  Drone  
  28  2:52  Drone x2  
  30  3:00  Drone  
  30  3:01  Drone  
  30  3:02  Overlord  
  30  3:03  Hatchery  
  31  3:15  Roach Warren  
  30  3:24  Queen x2  
  34  3:30  Overlord  
  34  3:41  Roach Warren  
  33  3:42  Drone  
  33  3:43  Drone x2  
  36  4:11  Spine Crawler  
  36  4:14  Roach  
  36  4:15  Roach x6  
  49  4:22  Drone x4  
  51  4:42  Drone  
  51  4:43  Drone x6  
  58  5:07  Overlord x4  
  58  5:09  Lair  
  58  5:12  Extractor  
  57  5:14  Evolution Chamber  
  57  5:16  Evolution Chamber  
  55  5:22  Queen  
  55  5:25  Queen  
  54  5:45  Spine Crawler  
  54  5:49  Zerg Missile Weapons Level 1  
  53  5:50  Roach  
  53  5:51  Roach x2, Zergling x10  
  53  5:52  Zergling x2  
  57  6:13  Drone  
  57  6:14  Drone x3, Queen  
  57  6:16  Queen  
  65  6:18  Queen  
  66  6:44  Spore Crawler  
  63  6:47  Spore Crawler  
  63  6:51  Burrow  
  62  6:56  Queen  
  62  7:04  Drone  
  62  7:05  Drone x8, Extractor  
  62  7:06  Extractor  
  69  7:11  Hydralisk Den  
  68  7:19  Drone x4  
  72  7:24  Zerg Ground Armor Level 1  
  72  7:38  Drone x7  
  72  7:39  Drone x2  
  81  8:01  Drone x2, Queen  
  81  8:02  Drone x2  
  81  8:03  Hatchery  
  86  8:06  Infestation Pit  
  86  8:07  Zerg Missile Weapons Level 2  
  86  8:09  Lurker Den  
  86  8:11  Extractor  
  84  8:13  Extractor  
  84  8:19  Overlord x4  
  83  8:23  Glial Reconstitution  
  83  8:48  Drone  
  83  8:49  Drone x9  
  83  8:50  Overlord x2  
  83  8:52  Hive  
  93  9:06  Hydralisk x5  
  93  9:07  Hydralisk x3  
  93  9:08  Hydralisk  
  92  9:35  Hydralisk x3  
  92  9:36  Roach  
  92  9:37  Roach x3  
  105  9:40  Drone  
  105  9:41  Drone  
  107  10:01  Extractor  
  107  10:02  Lurker  
  107  10:03  Lurker x2  
  107  10:04  Lurker  
  107  10:05  Zergling x2, Extractor  
  107  10:06  Zergling x12  
  116  10:24  Spore Crawler  
  112  10:28  Drone x2  
  112  10:29  Drone x3, Spine Crawler  
  112  10:30  Spine Crawler  
  112  10:31  Hatchery, Spore Crawler  
  112  10:32  Roach x5  
  123  10:37  Overseer  
  110  10:51  Roach x8  
  110  10:52  Roach x2  
  120  11:06  Roach  
  120  11:07  Roach x3  
  126  11:29  Spire  
Tags
 
Add a new tag
Caveats
  • Supply blocks, unpowered buildings, or Contaminate may cause inaccurate times.
  • Supply counts are checked every 10 seconds.